 Dungeon Crawl Stone Soup version 0.24.0-37-gcf1ca852f1 (webtiles) character file.

Game seed: 13805716342969266524, levelgen mode: deterministic

299366 Curus the Slayer (level 20, -2/196 HPs)
             Began as a Minotaur Gladiator on Nov 22, 2019.
             Was the Champion of Okawaru.
             Killed by divine providence
             ... invoked by an orc priest
             ... led by an orc knight
              (12 damage)
             ... on level 3 of the Vaults on Nov 24, 2019.
             The game lasted 03:48:37 (34833 turns).

Curus the Slayer (Minotaur Gladiator)              Turns: 34833, Time: 03:48:38

Health: -2/196     AC: 44    Str: 28    XL:     20   Next: 14%
Magic:  27/28      EV: 13    Int: 12    God:    Okawaru [******]
Gold:   229        SH:  0    Dex: 18    Spells: 19/19 levels left

rFire    + + .     SeeInvis .   j - +3 great mace of the Two Names {drain, +Blink rN+}
rCold    + + +     Gourm    .   (shield currently unavailable)
rNeg     + + .     Faith    .   Y - +1 crystal plate armour of an ice cave {Str+6 Dex+2}
rPois    +         Spirit   .   (helmet unavailable)
rElec    .         Reflect  .   A - +2 ratskin cloak {+Rats rPois rN+ Str-1 Int-1 Dex+1}
rCorr    +         Harm     .   r - +3 pair of gloves "Pex Rioth" {rF++ rC++ Dex-4}
MR       ++...                  I - +1 pair of boots {run}
Stlth    ..........             P - amulet of Vitality {Regen+ HP+15}
HPRegen  0.82/turn              l - ring of Hiqaaq {rC+ MR+ Int+5 Dex+3}
MPRegen  0.21/turn              J - ring of resist corrosion

@: heroism, quick
A: retaliatory headbutt, horns 3, blurry vision 1, frail 1, strong 1
}: 2/15 runes: decaying, serpentine
a: Heroism, Finesse, Renounce Religion, Evoke Blink, Evoke Ratskin


You were on level 3 of the Vaults.
You worshipped Okawaru.
Okawaru was exalted by your worship.
You were not hungry.

You visited 7 branches of the dungeon, and saw 35 of its levels.

You collected 3182 gold pieces.
You spent 2953 gold pieces at shops.

Inventory:

Hand Weapons
 j - the +3 great mace of the Two Names (weapon) {drain, +Blink rN+}
   (Okawaru gifted it to you on level 9 of the Dungeon)

   A truly terrible weapon, it drains the life of those it strikes.
   It protects you from negative energy.
   It lets you blink.
Missiles
 d - 5 throwing nets (quivered)
Armour
 r - the +3 pair of gloves "Pex Rioth" (worn) {rF++ rC++ Dex-4}
   (Okawaru gifted it to you on level 1 of the Snake Pit)

   It affects your dexterity (-4).
   It greatly protects you from fire.
   It greatly protects you from cold.
 x - a +2 hat
 A - the +2 ratskin cloak (worn) {+Rats rPois rN+ Str-1 Int-1 Dex+1}
   (You found it on level 6 of the Dungeon)

   It affects your strength (-1).
   It affects your intelligence (-1).
   It affects your dexterity (+1).
   It protects you from poison.
   It protects you from negative energy.
 E - the +4 plate armour of Elyvilon {rElec rC++ rN+ Regen+ Dex-2}
   (You took it off a spriggan on level 1 of the Swamp)

   It affects your dexterity (-2).
   It greatly protects you from cold.
   It insulates you from electricity.
   It protects you from negative energy.
   It increases your rate of regeneration.
 I - a +1 pair of boots of running (worn)
 K - a +2 pair of boots of flying
 O - the +1 cloak "Vynavvy" {Str+7 Int+3}
   (Okawaru gifted it to you on level 3 of the Vaults)

   It affects your strength (+7).
   It affects your intelligence (+3).
 Y - the +1 crystal plate armour of an ice cave (worn) {Str+6 Dex+2}
   (You found it on level 3 of the Lair of Beasts)

   It affects your strength (+6).
   It affects your dexterity (+2).
Jewellery
 l - the ring of Hiqaaq (left hand) {rC+ MR+ Int+5 Dex+3}
   (You bought it in a shop on level 11 of the Dungeon)

   [ring of intelligence]

   It affects your intelligence (+5).
   It affects your dexterity (+3).
   It protects you from cold.
   It affects your resistance to hostile enchantments.
 p - an uncursed ring of protection from cold
 J - a ring of resist corrosion (right hand)
 P - the amulet of Vitality (around neck) {Regen+ HP+15}
   (You bought it in a shop on level 11 of the Dungeon)

   [amulet of regeneration]

   It affects your health (+15).
   It increases your rate of regeneration.
 Q - the amulet of Kyema {Acrobat *Drain Int+3 Dex+9}
   (You acquired it on level 5 of the Lair of Beasts)

   [amulet of the acrobat]

   It helps you evade while moving and waiting.
   It affects your intelligence (+3).
   It affects your dexterity (+9).
   It causes draining when unequipped.
 T - an uncursed ring of flight
 Z - an uncursed ring of wizardry
Wands
 c - a wand of acid (14)
 e - a wand of digging (12)
 n - a wand of enslavement (9)
 o - a wand of random effects (32)
 s - a wand of scattershot (3)
 t - a wand of flame (42)
 B - a wand of iceblast (22)
 H - a wand of paralysis (8)
 U - a wand of disintegration (56)
 V - a wand of polymorph (12)
Scrolls
 g - a scroll of holy word
 k - a scroll of blinking
 m - 9 scrolls of teleportation
 u - 14 scrolls of remove curse
 y - 16 scrolls of identify
 C - 5 scrolls of magic mapping
 D - 3 scrolls of fear
 G - 4 scrolls of enchant weapon
 L - 3 scrolls of amnesia
Potions
 a - 4 potions of resistance
 h - 2 potions of cancellation
 i - 3 potions of flight
 q - 4 potions of curing
 v - 2 potions of ambrosia
 w - a potion of magic
 z - 4 potions of haste
 F - 6 potions of agility
 N - 3 potions of brilliance
 R - 2 potions of might
 S - a potion of invisibility
Miscellaneous
 X - a phantom mirror
Comestibles
 f - 58 rations
 M - 2 chunks of flesh


   Skills:
 + Level 22.6(27) Fighting
 - Level 20.0(25.0) Maces & Flails
 - Level 2.0(7.0) Throwing
 + Level 22.5(27) Armour
 - Level 3.2(8.2) Dodging
 - Level 8.2 Invocations
 - Level 12.0 Evocations


You had 19 spell levels left.
You didn't know any spells.
Your spell library contained the following spells:

 Spells                   Type           Power        Failure   Level  Hunger
 Apportation              Tloc           #.....       88%         1    ##.....
 Beastly Appendage        Tmut           #.....       88%         1    ##.....
 Summon Butterflies       Summ           #.......     88%         1    ##.....
 Poisonous Vapours        Pois/Air       #.....       96%         2    ###....
 Sticks to Snakes         Tmut           #.......     96%         2    ###....
 Call Canine Familiar     Summ           #.......     99%         3    ####...
 Conjure Flame            Conj/Fire      #.......     99%         3    ####...
 Lesser Beckoning         Tloc           #.........   99%         3    ####...
 Mephitic Cloud           Conj/Pois/Air  #.......     99%         3    ####...
 Spider Form              Tmut/Pois      #.........   99%         3    ####...
 Tukima's Dance           Hex            #.......     99%         3    ####...
 Ice Form                 Ice/Tmut       #.......     100%        4    #####..
 Summon Ice Beast         Ice/Summ       #.......     100%        4    #####..
 Alistair's Intoxication  Tmut/Pois      #.......     100%        5    ######.
 Blade Hands              Tmut           #.........   100%        5    ######.
 Bolt of Magma            Conj/Fire/Erth #.........   100%        5    ######.
 Iskenderun's Battlesphe  Conj/Chrm      #.......     100%        5    ######.
 Summon Mana Viper        Hex/Summ       #.......     100%        5    ######.
 Venom Bolt               Conj/Pois      #.........   100%        5    ######.
 Freezing Cloud           Conj/Ice/Air   #.........   100%        6    #######
 Invisibility             Hex            #.......     100%        6    #######
 Iron Shot                Conj/Erth      #.........   100%        6    #######
 Orb of Destruction       Conj           #.........   100%        7    #######
 Ring of Flames           Chrm/Fire      #.........   100%        7    #######
 Spellforged Servitor     Conj/Summ      #.........   100%        7    #######
 Summon Hydra             Summ           #.........   100%        7    #######


Dungeon Overview and Level Annotations

Branches:
Dungeon (15/15)            Temple (1/1) D:4            Lair (6/6) D:8
  Swamp (4/4) Lair:2        Snake (4/4) Lair:2        Slime (0/5) Lair:6
    Orc (2/2) D:12            Elf (0/3) Orc:2        Vaults (3/5) D:14
 Depths (0/5) D:15
  Crypt: Vaults:2-3

Altars:
Ashenzari
Cheibriados
Dithmenos
Elyvilon
Fedhas
Gozag
Hepliaklqana
Kikubaaqudgha
Makhleb
Nemelex Xobeh
Okawaru
Qazlal
Ru
Sif Muna
Trog
Uskayaw
Vehumet
Wu Jian
Xom
Yredelemnul
Zin
The Shining One
Jiyva

Shops:
D:8 (   D:11 =   D:13 }   Orc:2 (}}[   Snake:1 %:   Vaults:1 *%   Vaults:2 }

Annotations:
Vaults:1 3 runed translucent doors, tamionv's ghost, adept GrFi


Innate Abilities, Weirdness & Mutations

You reflexively headbutt those who attack you in melee.
You have a pair of large horns on your head.
Scrolls take you a little longer to read.
You are frail. (-10% HP)
Your muscles are strong. (Str +2)


Message History

Unknown command.
Unknown command.
Okay, then.
Okay, then.
Unknown command.
You hit the vault sentinel. You headbutt the vault sentinel!
The vault sentinel is lightly wounded.
The yaktaur hits you.
* * * LOW HITPOINT WARNING * * *
The orc warrior hits you but does no damage.
The yaktaur closely misses you. The orc knight closely misses you.
You bludgeon the vault sentinel!! You drain the vault sentinel.
The vault sentinel is severely wounded.
The vault sentinel hits you but does no damage.
The yaktaur misses you.
Your crystal plate armour of an ice cave prevents you from hitting the vault sentinel.
The vault sentinel is severely wounded.
The orc priest invokes the aid of Beogh against you.
Beogh smites you!
You die...

#......#.).....#.....#
########...#######...#
#.......# ..)#
#.#.##### ##.# #.#...#
.+ #.#####.# #...)...#
#...##### #...c@#
#...cp# #..oo)e.e....
####u########


#oo o.. .#.. #.#.# # You could see an orc knight, a green ugly thing, a vault
sentinel, 2 yaktaurs, a deep elf mage, an orc warrior, an orc priest and an orc.

Vanquished Creatures
  Nikola (Snake:2)
  Rupert (Orc:2)
  Frances (Snake:2)
  A sphinx (Vaults:3)
  Gastronok (D:9)
  Roxanne (Swamp:3)
  6 thorn hunters
  15 nagarajas
  2 orc warlords
  8 vault wardens
  A fire giant (Vaults:3)
  Aizul (Snake:3)
  Louise (Snake:4)
  4 stone giants
  7 ironheart preservers
  The ghost of kalagan the Geomancer, a journeyman GrEE of Sif Muna (Lair:6)
  A deep elf demonologist (Vaults:1)
  A dire elephant (Lair:3)
  A deep elf annihilator (Vaults:1)
  An ettin (Orc:1)
  Snorg (Lair:5)
  The ghost of demivan the Grappler, a journeyman TrFi of Ru (D:10)
  3 fire dragons
  2 great orbs of eyes
  Harold (D:9)
  9 yaktaur captains
  Fannar (D:12)
  A rakshasa (Vaults:2)
  An ice dragon (Vaults:1)
  17 naga warriors
  Erolcha (Orc:2)
  6 vault guards
  18 hydras
  2 shambling mangroves (Swamp:3)
  8 centaur warriors
  18 anacondas
  2 catoblepae (Lair:3)
  A ghost crab (Swamp:2)
  6 ogre magi
  Erica (D:11)
  4 tengu warriors
  14 alligators
  A two-headed ogre (shapeshifter) (Vaults:1)
  21 two-headed ogres
  7 shock serpents
  Urug (D:9)
  5 orc high priests (Orc:2)
  9 naga sharpshooters
  Sonja (Orc:1)
  Nergalle (D:10)
  A deep elf knight (Vaults:1)
  A spectral death yak (Lair:6)
  4 spriggans
  2 salamander mystics
  2 fire crabs (Swamp:4)
  2 skeletal warriors
  A deep troll (Vaults:3)
  4 wizards
  A lindwurm (shapeshifter) (Vaults:3)
  2 unseen horrors
  A spriggan druid (Swamp:4)
  12 naga ritualists
  A tengu zombie (Vaults:3)
  3 spectral hydras (Lair:6)
  12 swamp dragons
  3 deep elf archers
  12 ironbrand convokers
  A lindwurm (Swamp:4)
  A necromancer (Vaults:3)
  Pikel (D:6)
  4 deep elf magi
  4 oklob plants (Lair:3)
  16 salamanders
  16 ugly things
  A human zombie (Vaults:3)
  3 orc sorcerers
  11 mana vipers
  11 orc knights
  2 wolf spiders
  A moth of wrath (D:10)
  6 cyclopes
  A moth of wrath (shapeshifter) (Vaults:1)
  An elephant (Lair:3)
  2 manticores
  The ghost of Sysandra the Slasher, a novice NaFi of Makhleb (D:4)
  8 vault sentinels
  Maurice (D:10)
  A black mamba (shapeshifter) (Vaults:3)
  21 guardian serpents
  A molten gargoyle (Swamp:4)
  A gargoyle (D:11)
  15 naga magi
  Joseph (D:9)
  43 black mambas
  A torpor snail (Lair:3)
  20 spiny frogs
  3 centaur skeletons
  26 yaktaurs
  4 rime drakes
  2 efreet (D:14)
  2 freezing wraiths (Vaults:1)
  A kobold demonologist (D:14)
  2 komodo dragons
  A tengu conjurer (D:15)
  9 trolls
  A queen bee (D:14)
  A polar bear (Lair:5)
  8 tyrant leeches
  9 slime creatures
  8 hornets
  19 blink frogs
  6 dream sheep (Lair:6)
  7 bog bodies
  A spectral dream sheep (Lair:6)
  9 hippogriffs
  2 redbacks (Lair:6)
  2 vampires
  A tarantella (shapeshifter) (D:15)
  13 wyverns
  34 yaks
  A steam dragon (Swamp:4)
  2 wraiths
  Eustachio (D:4)
  A basilisk (shapeshifter) (Vaults:1)
  2 basilisks
  A hungry ghost (D:11)
  19 vampire mosquitoes
  Grum (D:10)
  Menkaure (D:6)
  15 swamp worms
  3 wargs
  45 nagas
  4 insubstantial wisps (Swamp:2)
  A hydra simulacrum (Lair:6)
  9 porcupines
  31 water moccasins
  A phantom (D:10)
  15 swamp drakes
  A black bear (shapeshifter) (Vaults:2)
  53 orc warriors
  2 eyes of draining
  7 ice beasts
  4 slaves (D:6)
  2 ettin simulacra
  2 black bears
  2 hornet zombies (D:13)
  18 ogres
  An elf zombie (Vaults:3)
  5 sky beasts
  A black mamba simulacrum (Lair:6)
  10 wolves
  20 centaurs
  8 crocodiles
  The ghost of DildoBatman the Conjurer, an amateur FoWz (D:3)
  A big kobold (D:14)
  Blork the orc (D:4)
  16 bullfrogs
  A wyvern skeleton (D:14)
  3 scorpions
  17 killer bees
  3 electric eels
  5 wights (D:14)
  8 howler monkeys
  4 crimson imps
  7 centaur zombies
  A lava snake (Swamp:4)
  A bullfrog zombie (D:8)
  11 hounds
  4 jellies
  32 orc priests
  2 bullfrog skeletons
  Ijyb (D:4)
  Terence (D:3)
  Natasha (twice) (D:4)
  An iguana (D:14)
  19 orc wizards
  6 worker ants
  A hell rat (D:6)
  A hound zombie (D:9)
  2 hound skeletons
  A mummy (D:6)
  A howler monkey zombie (D:9)
  Robin (D:2)
  16 adders
  6 river rats (D:6)
  4 shadow imps
  An adder skeleton (D:8)
  2 worms
  2 dart slugs
  2 leopard geckos
  94 orcs
  5 ball pythons
  3 bats
  9 giant cockroaches
  18 goblins
  12 hobgoblins
  10 jackals
  5 kobolds
  5 quokkas
  4 frilled lizards
  A giant cockroach zombie (D:6)
  A quokka zombie (D:9)
  20 rats
  4 briar patches
  A plant (Lair:3)
1320 creatures vanquished.

Vanquished Creatures (others)
  A hydra (Swamp:4)
  An alligator (Swamp:1)
  An unseen horror (Vaults:1)
  A naga ritualist (Snake:2)
  2 steam dragons (Swamp:4)
  A naga (Snake:2)
  A swamp worm (Swamp:4)
  2 swamp drakes (Swamp:4)
  7 briar patches
  6 fungi
  16 plants
  14 toadstools (Lair:3)
53 creatures vanquished.

Grand Total: 1373 creatures vanquished

Notes
Turn   | Place    | Note
-------+----------+-------------------------------------------
     0 | D:1      | Curus the Minotaur Gladiator began the quest for the Orb.
     0 | D:1      | Reached XP level 1. HP: 18/18 MP: 0/0
   175 | D:1      | Reached XP level 2. HP: 25/25 MP: 1/1
   475 | D:2      | Reached skill level 5 in Maces & Flails
   481 | D:2      | Noticed Robin
   488 | D:2      | Reached XP level 3. HP: 29/30 MP: 2/2
   513 | D:2      | Killed Robin
   996 | D:2      | Reached XP level 4. HP: 29/37 MP: 3/3
  1378 | D:3      | Reached XP level 5. HP: 36/42 MP: 4/4
  1508 | D:3      | Gained mutation: You are clumsy. (Dex -2) [potion of
                  | mutation]
  1508 | D:3      | Gained mutation: Scrolls take you a little longer to read.
                  | [potion of mutation]
  1508 | D:3      | Gained mutation: You have a pair of large horns on your
                  | head. [potion of mutation]
  1536 | D:3      | Found a shattered altar of Ashenzari.
  1945 | D:3      | Noticed Terence
  1958 | D:3      | Killed Terence
  2012 | D:3      | Found a transporter.
  2012 | D:3      | Noticed DildoBatman's ghost (amateur FoWz)
  2012 | D:3      | Noticed an ogre
  2012 | D:3      | Identified the +6 dire flail of Scorn {speed, rC+ rN+ MR+}
  2012 | D:3      | Noticed an ogre
  2013 | D:3      | Found a transporter.
  2177 | D:3      | Lost mutation: You are clumsy. (Dex -2) [potion of
                  | mutation]
  2177 | D:3      | Lost mutation: You have a pair of large horns on your head.
                  | [potion of mutation]
  2177 | D:3      | Lost mutation: Scrolls take you a little longer to read.
                  | [potion of mutation]
  2177 | D:3      | Gained mutation: Your body sometimes deteriorates upon
                  | taking damage. [potion of mutation]
  2177 | D:3      | Gained mutation: You are resistant to hostile enchantments.
                  | (MR+) [potion of mutation]
  2177 | D:3      | Gained mutation: Your muscles are strong. (Str +2) [potion
                  | of mutation]
  2183 | D:4      | Noticed Eustachio
  2209 | D:4      | Killed Eustachio
  2209 | D:4      | Reached XP level 6. HP: 25/50 MP: 5/5
  2321 | D:4      | Found a runed translucent gate.
  2321 | D:4      | Found a runed translucent gate.
  2321 | D:4      | Found an opulent altar of Gozag.
  2323 | D:4      | Found a runed translucent gate.
  2323 | D:4      | Noticed Sysandra's ghost (novice NaFi)
  2438 | D:4      | You fall into a shaft and drop 1 floor!
  2438 | D:5      | Entered Level 5 of the Dungeon
  2440 | D:5      | Found a hide-covered altar of Uskayaw.
  2440 | D:5      | Noticed an ice beast
  2455 | D:5      | Killed an ice beast
  2578 | D:5      | Reached XP level 7. HP: 33/56 MP: 6/6
  2810 | D:5      | Found a shimmering blue altar of Sif Muna.
  2825 | D:5      | Found an opulent altar of Gozag.
  2835 | D:5      | Reached skill level 10 in Maces & Flails
  2991 | D:5      | Found a faded altar of an unknown god.
  2991 | D:5      | Found a shadowy altar of Dithmenos.
  2996 | D:5      | Found a faded altar of an unknown god.
  2998 | D:5      | Found a stormy altar of Qazlal.
  3000 | D:5      | Found a basalt altar of Yredelemnul.
  3106 | D:4      | Noticed Natasha
  3114 | D:4      | Killed Natasha
  3157 | D:4      | Found a staircase to the Ecumenical Temple.
  3164 | Temple   | Entered the Ecumenical Temple
  3215 | Temple   | Became a worshipper of Warmaster Okawaru
  3256 | D:4      | Noticed Ijyb
  3266 | D:4      | Killed Ijyb
  3341 | D:4      | Found a white marble altar of Elyvilon.
  3367 | D:4      | Found an ancient bone altar of Kikubaaqudgha.
  3443 | D:4      | Noticed Natasha
  3452 | D:4      | Killed Natasha
  3474 | D:4      | Noticed Blork the orc
  3486 | D:4      | Killed Blork the orc
  3593 | D:3      | Reached XP level 8. HP: 43/62 MP: 7/7
  3607 | D:3      | Killed DildoBatman's ghost
  3616 | D:3      | Reached * piety under Okawaru
  4073 | D:4      | Killed Sysandra's ghost
  4366 | D:5      | Found a sparkling altar of Nemelex Xobeh.
  4484 | D:6      | Got a fine whip
  4495 | D:6      | Noticed Pikel
  4538 | D:6      | Killed Pikel
  4538 | D:6      | Reached ** piety under Okawaru
  4538 | D:6      | Reached XP level 9. HP: 61/68 MP: 8/8
  4573 | D:5      | Identified the +9 whip "Teovakk" {protect, rElec Int+2
                  | Dex+5 Stlth-} (You found it on level 6 of the Dungeon)
  4606 | D:6      | Found a snail-covered altar of Cheibriados.
  4751 | D:6      | Reached skill level 1 in Armour
  4782 | D:6      | Found the +2 ratskin cloak {+Rats rPois rN+ Str-1 Int-1
                  | Dex+1}
  4917 | D:6      | Noticed Menkaure
  4921 | D:6      | Killed Menkaure
  5464 | D:7      | Reached *** piety under Okawaru
  5464 | D:7      | Reached skill level 5 in Fighting
  5798 | D:7      | Found a bloodstained altar of Trog.
  6155 | D:8      | Found Plog's Antique Weapon Shop.
  6192 | D:8      | Found a staircase to the Lair.
  6206 | Lair:1   | Entered Level 1 of the Lair of Beasts
  6271 | Lair:1   | Reached skill level 1 in Invocations
  6340 | Lair:1   | Reached skill level 1 in Evocations
  6359 | Lair:1   | Reached XP level 10. HP: 55/82 MP: 8/11
  6403 | Lair:1   | Reached **** piety under Okawaru
  6524 | Lair:1   | Noticed a five-headed hydra
  6533 | Lair:1   | Killed a five-headed hydra
  6533 | Lair:1   | Received a gift from Okawaru
  6533 | Lair:1   | Reached skill level 5 in Invocations
  6533 | Lair:1   | Reached skill level 5 in Evocations
  6813 | Lair:2   | Noticed a spiny frog
  6818 | Lair:2   | Killed a spiny frog
  6831 | Lair:2   | Found a staircase to the Swamp.
  6982 | Lair:2   | Reached ***** piety under Okawaru
  7032 | Lair:2   | Found a staircase to the Snake Pit.
  7054 | Lair:2   | Received a gift from Okawaru
  7077 | Lair:2   | Noticed a black mamba
  7091 | Lair:2   | Killed a black mamba
  7095 | Lair:2   | Reached XP level 11. HP: 53/88 MP: 15/15
  7104 | Lair:2   | Identified a +0 pair of boots of running (Okawaru gifted it
                  | to you on level 2 of the Lair of Beasts)
  7501 | Lair:3   | Noticed an eight-headed hydra
  7517 | Lair:3   | Killed an eight-headed hydra
  7524 | Lair:3   | Noticed an anaconda
  7543 | Lair:3   | Killed an anaconda
  7543 | Lair:3   | HP: 4/88 [blink frog (10)]
  8116 | Lair:3   | Noticed a catoblepas
  8116 | Lair:3   | Noticed a dire elephant
  8138 | Lair:3   | Found a runed translucent door.
  8381 | Lair:3   | Noticed a catoblepas
  8394 | Lair:3   | Killed a catoblepas
  8394 | Lair:3   | Reached skill level 10 in Evocations
  8409 | Lair:3   | Noticed an oklob plant
  8719 | Lair:3   | Noticed an oklob plant
  8720 | Lair:3   | Noticed an oklob plant
  8720 | Lair:3   | Noticed an oklob plant
  8744 | Lair:3   | Killed an oklob plant
  8752 | Lair:3   | Killed an oklob plant
  8762 | Lair:3   | Killed an oklob plant
  8762 | Lair:3   | Received a gift from Okawaru
  8773 | Lair:3   | Killed an oklob plant
  8773 | Lair:3   | Reached XP level 12. HP: 31/94 MP: 17/19
 10174 | Lair:5   | Identified a scroll of acquirement
 10175 | Lair:5   | Got a twitching zirconium amulet
 10282 | Lair:5   | Noticed Snorg
 10291 | Lair:5   | Killed Snorg
 10686 | Lair:5   | Received a gift from Okawaru
 10824 | Lair:5   | Identified the amulet of Kyema {Acrobat *Drain Int+3 Dex+9}
                  | (You acquired it on level 5 of the Lair of Beasts)
 10826 | Lair:6   | Entered Level 6 of the Lair of Beasts
 10834 | Lair:6   | Reached skill level 5 in Armour
 11020 | Lair:6   | Noticed a seven-headed hydra
 11028 | Lair:6   | Killed a seven-headed hydra
 11221 | Lair:6   | Reached XP level 13. HP: 11/111 MP: 21/21
 11428 | Lair:6   | Found a staircase to the Slime Pits.
 11428 | Lair:6   | Found a viscous altar of Jiyva.
 11443 | Lair:6   | Received a gift from Okawaru
 11626 | Lair:6   | Reached skill level 10 in Fighting
 11633 | Lair:6   | Received a gift from Okawaru
 11634 | Lair:6   | Got an ebony fustibalus {god gift}
 11772 | Lair:6   | Reached ****** piety under Okawaru
 11772 | Lair:6   | Reached skill level 10 in Armour
 11816 | Lair:6   | Found a runed translucent gate.
 11816 | Lair:6   | Found a runed translucent gate.
 11816 | Lair:6   | Found a runed translucent gate.
 11821 | Lair:6   | Noticed kalagan's ghost (journeyman GrEE)
 12147 | Lair:6   | Killed kalagan's ghost
 12334 | Lair:3   | Killed a dire elephant
 12334 | Lair:3   | Received a gift from Okawaru
 12355 | Lair:3   | Got a dazzling crystal plate armour
 12368 | Lair:3   | Identified the cursed +1 crystal plate armour of an ice
                  | cave {Str+6 Dex+2} (You found it on level 3 of the Lair of
                  | Beasts)
 12808 | D:8      | Found a hazy altar of Hepliaklqana.
 13110 | D:9      | Noticed Harold
 13121 | D:9      | Killed Harold
 13171 | D:9      | You fall into a shaft and drop 2 floors!
 13199 | D:11     | Noticed Erica
 13206 | D:11     | Killed Erica
 13232 | D:10     | Entered Level 10 of the Dungeon
 13470 | D:9      | Noticed Joseph
 13482 | D:9      | Killed Joseph
 13823 | D:10     | Noticed Nergalle
 13831 | D:10     | Killed Nergalle
 13842 | D:10     | Noticed Grum
 13850 | D:10     | Noticed Urug
 13852 | D:10     | Killed Grum
 13856 | D:10     | Noticed Gastronok
 13896 | D:9      | Killed Urug
 13896 | D:9      | Received a gift from Okawaru
 13909 | D:9      | Killed Gastronok
 13910 | D:9      | Got a scorched great mace {god gift}
 13952 | D:9      | Identified the +3 great mace of the Two Names {drain,
                  | +Blink rN+} (Okawaru gifted it to you on level 9 of the
                  | Dungeon)
 14067 | D:10     | Found a sparkling altar of Nemelex Xobeh.
 14092 | D:10     | Noticed Maurice
 14104 | D:10     | Killed Maurice
 14195 | D:10     | Reached XP level 14. HP: 108/127 MP: 22/22
 14360 | D:10     | Identified the +7 trident "Cosisoc" {drain, SInv Stlth+}
 14360 | D:10     | Noticed demivan's ghost (journeyman TrFi)
 14361 | D:10     | Found a transporter.
 14366 | D:10     | Found a bloodstained altar of Trog.
 14375 | D:10     | Found a transporter.
 14563 | D:10     | Killed demivan's ghost
 14789 | D:11     | Received a gift from Okawaru
 15211 | D:11     | Found Gylekareg's Jewellery Emporium.
 15215 | D:11     | Bought the amulet of Vitality {Regen+ HP+15} for 1106 gold
                  | pieces
 15215 | D:11     | Found the amulet of Vitality {Regen+ HP+15}
 15415 | D:12     | Found a staircase to the Orcish Mines.
 15462 | Orc:1    | Entered Level 1 of the Orcish Mines
 15500 | Orc:1    | Noticed an orc warlord
 15511 | Orc:1    | Received a gift from Okawaru
 15512 | Orc:1    | Got a dazzling quarterstaff {god gift}
 15517 | Orc:1    | Noticed Sonja
 15522 | Orc:1    | Killed an orc warlord
 15541 | Orc:1    | Killed Sonja
 15563 | Orc:1    | Noticed Fannar
 15579 | Orc:1    | Noticed an orc warlord
 15586 | Orc:1    | HP: 1/144 [orc priest/divine providence (12)]
 15817 | D:12     | Reached skill level 15 in Maces & Flails
 16370 | D:12     | Killed an orc warlord
 16387 | D:12     | Killed Fannar
 16447 | D:13     | Found Femoromi's Gadget Boutique.
 16720 | Orc:2    | Entered Level 2 of the Orcish Mines
 16926 | Orc:2    | Received a gift from Okawaru
 16952 | Orc:2    | HP: 6/144 [orc priest/+2 trident of flaming (3)]
 17131 | Orc:2    | Noticed Erolcha
 17140 | Orc:2    | Killed Erolcha
 17214 | Orc:2    | Noticed Rupert
 17223 | Orc:2    | Killed Rupert
 17223 | Orc:2    | Received a gift from Okawaru
 17977 | Orc:2    | Found a staircase to the Elven Halls.
 18060 | Orc:2    | Reached XP level 15. HP: 136/136 MP: 23/23
 18121 | Orc:2    | Found Wotav's Weapon Boutique.
 18123 | Orc:2    | Found Wevoa's Gadget Shop.
 18123 | Orc:2    | Found Opyiwarr's Gadget Boutique.
 18124 | Orc:2    | Found Poomyass's Armour Boutique.
 18131 | Orc:2    | Bought a wand of acid (7) for 308 gold pieces
 18505 | D:13     | Received a gift from Okawaru
 19154 | D:13     | Lost mutation: You are resistant to hostile enchantments.
                  | (MR+) [potion of mutation]
 19154 | D:13     | Lost mutation: Your muscles are strong. (Str +2) [potion of
                  | mutation]
 19154 | D:13     | Lost mutation: Your body sometimes deteriorates upon taking
                  | damage. [potion of mutation]
 19154 | D:13     | Gained mutation: You are frail. (-10% HP) [potion of
                  | mutation]
 19154 | D:13     | Gained mutation: Your muscles are strong. (Str +2) [potion
                  | of mutation]
 19154 | D:13     | Gained mutation: Scrolls take you a little longer to read.
                  | [potion of mutation]
 19154 | D:13     | Gained mutation: You have a pair of large horns on your
                  | head. [potion of mutation]
 19237 | D:14     | Found a gate to the Vaults.
 19252 | D:14     | Received a gift from Okawaru
 20419 | D:15     | Entered Level 15 of the Dungeon
 20701 | D:15     | Found a sparkling altar of Nemelex Xobeh.
 20818 | D:15     | Found an ornate altar of the Wu Jian Council.
 21065 | D:15     | Received a gift from Okawaru
 21204 | D:15     | Found a staircase to the Depths.
 21793 | Swamp:1  | Entered Level 1 of the Swamp
 21794 | Swamp:1  | Noticed a thorn hunter
 21920 | Swamp:1  | Killed a thorn hunter
 22134 | Swamp:1  | Noticed a thorn hunter
 22157 | Swamp:1  | Killed a thorn hunter
 22165 | Swamp:1  | Received a gift from Okawaru
 22296 | Swamp:1  | Reached XP level 16. HP: 131/131 MP: 24/24
 22422 | Swamp:1  | Identified the +4 plate armour of Elyvilon {rElec rC++ rN+
                  | Regen+ Dex-2}
 22422 | Swamp:1  | Identified the ring "Hippoyse" {Ice *Drain MR+ Str+2
                  | Stlth+}
 22992 | D:11     | Bought the ring of Hiqaaq {rC+ MR+ Int+5 Dex+3} for 939
                  | gold pieces
 23254 | Swamp:2  | Found a glowing golden altar of the Shining One.
 23540 | Swamp:2  | Noticed a thorn hunter
 23552 | Swamp:2  | Killed a thorn hunter
 23624 | Swamp:2  | Noticed a thorn hunter
 23658 | Swamp:2  | Killed a thorn hunter
 23658 | Swamp:2  | Reached skill level 15 in Fighting
 23907 | Swamp:3  | Noticed a thorn hunter
 24032 | Swamp:3  | Reached skill level 15 in Armour
 24060 | Swamp:3  | Killed a thorn hunter
 24098 | Swamp:3  | Received a gift from Okawaru
 24130 | Swamp:3  | Noticed a thorn hunter
 24142 | Swamp:3  | Killed a thorn hunter
 24142 | Swamp:3  | Received a gift from Okawaru
 24383 | Swamp:3  | Identified Roxanne's Reference Book on the Mountains
 24383 | Swamp:3  | Noticed Roxanne
 24734 | Swamp:3  | Killed Roxanne
 24871 | Swamp:4  | Entered Level 4 of the Swamp
 24981 | Snake:1  | Entered Level 1 of the Snake Pit
 24981 | Snake:1  | Found Gole's Food Boutique.
 25280 | Snake:1  | Found Wym Acun's Book Shoppe.
 25300 | Snake:1  | Received a gift from Okawaru
 25307 | Snake:1  | Got a pair of pitted gloves {god gift}
 25324 | Snake:1  | Identified the +3 pair of gloves "Pex Rioth" {rF++ rC++
                  | Dex-4} (Okawaru gifted it to you on level 1 of the Snake
                  | Pit)
 25899 | Snake:2  | Noticed Frances
 25910 | Snake:2  | Killed Frances
 25933 | Snake:2  | Reached XP level 17. HP: 59/144 MP: 25/25
 26058 | Snake:2  | Noticed Nikola
 26083 | Snake:2  | Killed Nikola
 26317 | Snake:2  | Received a gift from Okawaru
 26720 | Snake:3  | Found a stormy altar of Qazlal.
 27386 | Snake:3  | Received a gift from Okawaru
 27399 | Snake:3  | Noticed Aizul
 27424 | Snake:3  | Killed Aizul
 28295 | Swamp:3  | Received a gift from Okawaru
 28305 | Swamp:3  | Got a pair of ancient boots {god gift}
 28424 | Swamp:3  | Identified the +2 pair of boots "Put-Me-On" {+Blink +Inv}
                  | (Okawaru gifted it to you on level 3 of the Swamp)
 28689 | Swamp:4  | Reached XP level 18. HP: 117/156 MP: 26/26
 29305 | Swamp:4  | Got a decaying rune of Zot
 29633 | Snake:4  | Entered Level 4 of the Snake Pit
 29810 | Snake:4  | Noticed Louise
 29829 | Snake:4  | Killed Louise
 30018 | Snake:4  | Received a gift from Okawaru
 30112 | Snake:4  | HP: 6/175 [anaconda (7)]
 30438 | Snake:4  | HP: 5/175 [anaconda (6)]
 30443 | Snake:4  | HP: 8/175 [nagaraja/+0 spear (8)]
 31058 | Snake:4  | Received a gift from Okawaru
 31322 | Snake:4  | Got a serpentine rune of Zot
 31801 | Vaults:1 | Entered Level 1 of the Vaults
 31928 | Vaults:1 | Reached XP level 19. HP: 110/168 MP: 27/27
 32266 | Vaults:1 | Received a gift from Okawaru
 32323 | Vaults:1 | Received a gift from Okawaru
 32411 | Vaults:1 | Found Zeruipe's Food Shop.
 32538 | Vaults:1 | Noticed a Brimstone Fiend
 32958 | Vaults:1 | Found a runed translucent gate.
 32958 | Vaults:1 | Found a runed translucent gate.
 32958 | Vaults:1 | Found an ancient bone altar of Kikubaaqudgha.
 32958 | Vaults:1 | Noticed a lich
 32958 | Vaults:1 | Noticed an ancient lich
 32958 | Vaults:1 | Noticed tamionv's ghost (adept GrFi)
 32959 | Vaults:1 | Found a runed translucent gate.
 32959 | Vaults:1 | Noticed an ancient lich
 32959 | Vaults:1 | Noticed an ancient lich
 33000 | Vaults:1 | Found Ketah's General Store.
 33013 | Vaults:1 | Bought a potion of agility for 68 gold pieces
 33013 | Vaults:1 | Bought a wand of iceblast (11) for 255 gold pieces
 33013 | Vaults:1 | Bought a scroll of torment for 127 gold pieces
 33431 | Vaults:2 | Found Xuogal's Gadget Shoppe.
 33447 | Vaults:2 | Bought a wand of paralysis (8) for 150 gold pieces
 33626 | Vaults:2 | Received a gift from Okawaru
 34540 | Vaults:3 | Received a gift from Okawaru
 34541 | Vaults:3 | Got a bloodstained cloak {god gift}
 34565 | Vaults:3 | Identified the +1 cloak "Vynavvy" {Str+7 Int+3} (Okawaru
                  | gifted it to you on level 3 of the Vaults)
 34598 | Vaults:3 | Reached XP level 20. HP: 38/180 MP: 23/28
 34598 | Vaults:3 | HP: 3/195 [disintegration (36)]
 34602 | Vaults:3 | Paralysed by a great orb of eyes for 2 turns
 34830 | Vaults:3 | HP: 9/196 [yaktaur[a yaktaur captain] (2)]
 34833 | Vaults:3 | Killed from afar by an orc priest

Levels and vault maps discovered:
D:1:      co_arrival_square_in_a_square_in_a_square, layout_basic
D:2:      layout_loops_cross, uniq_robin
D:3:      layout_basic, evilmike_ruin_ashenzari, gammafunk_ghost_smash,
          uniq_terence
D:4:      layout_loops_ring, elyvilon_altar_4, lemuel_crystal_altar,
          minmay_temple_entry_gardened_gates, ebering_ghost_gozag, first_ration,
          uniq_natasha, uniq_ijyb, uniq_blork_the_orc, uniq_eustachio
D:5:      layout_loops_ring, chequers_temple_overflow_minitemple,
          nicolae_overflow_quartered_altars
D:6:      wander_guarded_unrand_ratskin, layout_basic, slow_altar_1, uniq_pikel,
          uniq_menkaure
D:7:      layout_loops_ring, kennysheep_mini
D:8:      layout_cave_pods, kennysheep_mini_moat, lair_entry_dummy,
          serial_shops, shop
D:9:      layout_loops_ring, uniq_joseph, uniq_harold
D:10:     layout_basic, basic_altar, gammafunk_ghost_wrathful_warriors,
          uniq_grum, uniq_gastronok, uniq_maurice, uniq_nergalle, uniq_urug
D:11:     layout_irregular_city, serial_shops, shop, uniq_erica
D:12:     layout_small_grid, david_orc_2
D:13:     layout_gridville, serial_shops, shop
D:14:     layout_long_grid, skrybe_vaults_entry_preservation,
          grunt_decor_arrowhead, david_nohive_1
D:15:     grunt_enter_depths_magical_seal, layout_loops_ring, chequers_jeans,
          basic_altar, minmay_parallelograms, nemelex_xobeh_ov_fountains_minmay
Temple:   jpeg_temple_island
Lair:1:   layout_cave_shapes, infiniplex_staircase_pool_2
Lair:2:   layout_hall_layers, swamp_mist, minmay_snake_entry_six_corridors
Lair:3:   gammafunk_lair_enchanted_lake, layout_cave_pods, grunt_megastairs_5,
          minmay_lair_oklob_chamber, lemuel_fruit_fields
Lair:4:   layout_small_grid
Lair:5:   layout_loops_ring, uniq_snorg
Lair:6:   hangedman_lair_tendril_chambers, layout_big_grid, slime_altar_1,
          gammafunk_ghost_necromancy, infiniplex_staircase_pool,
          lemuel_fruit_tree
Swamp:1:  layout_basic_swamp, evilmike_swamp_ruin_rubble_1
Swamp:2:  layout_falls_marsh, lemuel_altar_in_water, swamp_pool4
Swamp:3:  layout_basic_swamp, nicolae_swamp_treefoil, uniq_roxanne
Swamp:4:  swamp_fiery, layout_basic_swamp, portal_ice_cave_entry_pillars_four
Snake:1:  layout_onion, serial_shops, shop_coins, shop
Snake:2:  nicolae_snake_nest, layout_misc_corridors, uniq_frances, uniq_nikola
Snake:3:  nicolae_aizul_guard, layout_gridlike, basic_altar,
          nicolae_snake_round_shape_thing, fake_guardian_serpent_vault
Snake:4:  grunt_snake_rune_serpentine_throne, layout_cave_town, uniq_louise
Orc:1:    layout_diamond_mine, uniq_fannar, uniq_sonja
Orc:2:    st_orc_pillars, layout_caves, uniq_erolcha, uniq_rupert
Vaults:1: gammafunk_vaults_ghost_crypt, nicolae_vaults_halls_meeting,
          grunt_vaults_twisty, v_misc_25, hangedman_vaults_restitches,
          v_rooms_6, nicolae_vaults_specimen_jars, v_alt_pattern_6,
          hangedman_vaults_capsules, nicolae_vaults_little_squares_2,
          vaults_room_mumra_shop_pool, vaults_standard_mumra_lines,
          vaults_room_door_ring, layout_vaults_omnibox, serial_shops,
          nicolae_shop_crystal
Vaults:2: v_misc_5, nicolae_vaults_triangles, v_misc_9, v_pattern_2,
          ontoclasm_vaults_eye, nicolae_vaults_three_branches,
          layout_vaults_omnigrid, serial_shops, shop
Vaults:3: hangedman_vaults_cutoff, minmay_crypt_entry_simple_walls,
          vaults_dpeg_doors, nicolae_vaults_little_squares_1,
          vaults_standard_mumra_x, v_alt_pattern_1,
          nicolae_vaults_disjoint_gnomons, st_quartered_hall, v_misc_23,
          grunt_vaults_funnel, vaults_room_pool, nicolae_vaults_network_star,
          v_pattern_3, nicolae_vaults_rhombus_6, layout_vaults_maze, uniq_jory

Skill      XL: |  1  2  3  4  5  6  7  8  9 10 11 12 13 14 15 16 17 18 19 |
---------------+----------------------------------------------------------+-----
Maces & Flails | 4 5 6 8 9 11 14 17 20 | 20.0
Armour         | 4 8 12 13 14 16 18 20 22 | 22.5
Fighting       | 5 9 12 13 14 16 18 20 22 | 22.6
Invocations    | 3 6 8 |  8.2
Evocations     | 3 7 10 12 | 12.0
Throwing       | |  2.0
Dodging        | |  3.2

Action                   |  1- 3 |  4- 6 |  7- 9 | 10-12 | 13-15 | 16-18 | 19-21 || total
-------------------------+-------+-------+-------+-------+-------+-------+-------++-------
Melee: Flail             |   103 |   145 |   106 |       |       |       |       ||   354
       Headbutt          |    15 |    23 |    51 |   106 |   346 |   356 |   209 ||  1106
       Dire flail        |       |       |   200 |   571 |   494 |       |       ||  1265
       Great mace        |       |       |       |       |   899 |  1338 |   561 ||  2798
Invok: Heroism           |       |       |       |     3 |     6 |     8 |     3 ||    20
       Finesse           |       |       |       |       |       |     1 |       ||     1
 Abil: Evoke Flight      |       |       |       |       |     3 |     7 |       ||    10
       Evoke Blink       |       |       |       |       |     1 |     1 |     2 ||     4
       Evoke Ratskin     |       |       |       |       |     1 |       |     1 ||     2
Evoke: Wand              |       |       |     1 |     7 |    22 |     6 |     3 ||    39
  Use: Potion            |     3 |     5 |     5 |     5 |     3 |     6 |     2 ||    29
       Scroll            |     2 |     1 |    10 |     8 |     9 |     7 |     2 ||    39
 Stab: Distracted        |       |       |     1 |       |     2 |       |       ||     3
       Petrified         |       |       |       |       |    17 |       |       ||    17
       Confused          |       |       |       |       |       |     1 |       ||     1
  Eat: Chunk             |       |     5 |    12 |    11 |    29 |     9 |     9 ||    75
       Ration            |       |       |       |     1 |     2 |     7 |       ||    10
Armor: Plate armour      |    68 |    78 |   115 |   198 |   667 |   471 |       ||  1597
       Crystal plate arm |       |       |       |       |   243 |   803 |   414 ||  1460
Dodge: Dodged            |    29 |    34 |    53 |   103 |   508 |   643 |   182 ||  1552
